 Dungeon Crawl Stone Soup version 0.31-a0-977-gc230f8ef24 (webtiles) character file.

Game seed: 6632147734931253476

192 Spaninq the Gusty (level 5, -4/29 HPs)
             Began as a Tengu Air Elementalist on Oct 29, 2023.
             Blown up by Ijyb (19 damage)
             ... with a mindburst bolt
             ... on level 4 of the Dungeon.
             The game lasted 00:08:06 (3744 turns).

Spaninq the Gusty (Tengu Air Elementalist)          Turns: 3744, Time: 00:08:06

Health: -4/29      AC:  2    Str:  8    XL:     5   Next: 71%
Magic:  6/19       EV: 12    Int: 17    God:
Gold:   111        SH:  0    Dex: 15    Spells: 3/9 levels left

rFire   . . .        (no weapon)
rCold   . . .        (no shield)
rNeg    . . .        a - +0 robe
rPois   .            (helmet restricted)
rElec   .            q - scarf {repulsion}
rCorr   .            (no gloves)
SInv    .            (boots unavailable)
Will    .....        (no amulet)
Stlth   ++           c - ring of magical power
HPRegen 0.24/turn    (no ring)
MPRegen 0.16/turn

%: repel missiles, acrobat
@: no status effects
A: beak, talons 3, acrobatic
a: no special abilities


You were on level 4 of the Dungeon.
You visited 1 branch of the dungeon, and saw 4 of its levels.

You collected 111 gold pieces.

Inventory:

Armour
 a - a +0 robe (worn)
 q - a scarf of repulsion (worn)
Jewellery
 c - a ring of magical power (left hand)
 j - an amulet of guardian spirit
 s - a ring of ice
Wands
 l - a wand of mindburst (11)
Scrolls
 e - a scroll of silence {unknown}
 f - a scroll of revelation {unknown}
 h - 3 scrolls of identify {unknown}
 i - a scroll of poison {unknown}
 k - 2 scrolls of fear {unknown}
 r - a scroll of noise {unknown}
 t - a scroll of amnesia {unknown}
Potions
 b - a potion of magic
 d - 2 potions of invisibility {unknown}
 g - a potion of resistance {unknown}
 m - 2 potions of attraction {unknown}
 n - 2 potions of curing {unknown}
 o - a potion of lignification {unknown}
 p - 2 potions of haste {unknown}


   Skills:
 + Level 1.4 Fighting
 - Level 2.1 Dodging
 - Level 2.0 Stealth
 + Level 2.7 Spellcasting
 * Level 4.1 Conjurations
 * Level 5.7 Air Magic
 + Level 1.1 Poison Magic


You had 3 spell levels left.
You knew the following spells:

 Your Spells              Type           Power      Damage    Failure   Level
a - Shock                 Conj/Air       76%        1d7       2%          1
b - Static Discharge      Conj/Air       38%        3-5/arc   3%          2
c - Mephitic Cloud        Conj/Pois/Air  14%        N/A       12%         3

Your spell library contained the following spells:

 Spells                   Type           Power      Damage    Failure   Level
 Magic Dart               Conj           64%        1d6       3%          1
 Swiftness                Air            21%        N/A       5%          3
 Call Imp                 Summ           4%         N/A       26%         2
 Frozen Ramparts          Ice            4%         1d1       47%         3
 Airstrike                Air            10%        2d(2-18)  17%         4
 Petrify                  Tmut/Erth      2%         N/A       87%         4
 Metabolic Englaciation   Hex/Ice        1%         N/A       99%         5


Dungeon Overview and Level Annotations

Branches:
Dungeon (4/15)
 Temple: D:4-7

Altars:
Makhleb

Annotations:
D:4 Ijyb


Innate Abilities, Weirdness & Mutations

You have a beak for a mouth.
You have claws for feet.
You can magically evade attacks while moving or waiting.


Message History

Casting: Shock (safe; 2% risk of failure)
Confirm with . or Enter, or press ? or * to list all spells.
Aiming: Shock (safe; 2% risk of failure)
Press: ? - help, Shift-Dir - straight line, f/p - orc
Aim: an orc, wielding a +0 club (severely wounded, 71% to hit)
The zap hits the orc.
The orc is almost dead.
Casting: Shock (safe; 2% risk of failure)
Confirm with . or Enter, or press ? or * to list all spells.
The orc is struck by an arc of lightning.
You kill the orc!
You are struck by an arc of lightning.
Ijyb the Twisted Goblin comes into view.
She is wielding a +0 dagger and carrying a wand of mindburst.
Casting: Static Discharge (safe; 3% risk of failure)
Confirm with . or Enter, or press ? or * to list all spells.
Ijyb is struck by an arc of lightning.
Ijyb shouts!
Ijyb is lightly wounded.
You are struck by an arc of lightning.
Ijyb is struck by an arc of lightning.
You hear an angry hiss.
Ijyb hits you with a +0 dagger.
Casting: Static Discharge (safe; 3% risk of failure)
Confirm with . or Enter, or press ? or * to list all spells.
Ijyb is struck by an arc of lightning.
You are struck by an arc of lightning.
The lightning grounds out.
Ijyb barely misses you.
Casting: Static Discharge (safe; 3% risk of failure)
Confirm with . or Enter, or press ? or * to list all spells.
Ijyb is struck by an arc of lightning.
Ijyb is lightly wounded.
You are struck by an arc of lightning.
The lightning grounds out.
Ijyb barely misses you.
Casting: Static Discharge (safe; 3% risk of failure)
Confirm with . or Enter, or press ? or * to list all spells.
Ijyb is struck by an arc of lightning.
Ijyb is moderately wounded.
You are struck by an arc of lightning.
Ijyb is struck by an arc of lightning.
Ijyb is moderately wounded.
The lightning grounds out.
Ijyb zaps a wand.
Your mind is blasted!
Ouch! That really hurt!
You die...

...............#......#
...<...........#.......
...............#†######
.....##'##.............
... #...#............. .
+...#.............
#...#.....>.......
#...#.............
#@#########)##'###
#.....g.)..#....÷......#
######.....#...........+
#..l..#.(.........#
#.....#<..........#
#.....###########+#
#...... # ###+##..


You could see Ijyb and an iguana.

Vanquished Creatures
  A scorpion (D:4)
  A hound (D:4)
  An iguana (D:3)
  An adder (D:3)
  2 dart slugs
  An orc (D:4)
  8 ball pythons
  8 bats
  12 endoplasms
  2 giant cockroaches (D:1)
  9 goblins
  8 hobgoblins
  A quokka (D:1)
  A frilled lizard (D:2)
  3 kobolds
59 creatures vanquished.

Notes
Turn   | Place    | Note
-------+----------+-------------------------------------------
     0 | D:1      | Spaninq the Tengu Air Elementalist began the quest for the
                  | Orb.
     0 | D:1      | Reached XP level 1. HP: 10/10 MP: 4/4
   222 | D:1      | Reached XP level 2. HP: 15/15 MP: 6/6
   225 | D:1      | Learned a level 2 spell: Static Discharge
   490 | D:1      | Found a faded altar of an unknown god.
   769 | D:1      | Reached XP level 3. HP: 19/19 MP: 7/7
  2152 | D:2      | Learned a level 3 spell: Mephitic Cloud
  2227 | D:3      | Reached skill level 5 in Air Magic
  2332 | D:3      | Reached XP level 4. HP: 18/24 MP: 8/8
  3216 | D:4      | Identified the "Nohexze"
  3222 | D:4      | Found a burning altar of Makhleb.
  3289 | D:3      | Reached skill level 1 in Fighting
  3411 | D:4      | Noticed a phantom
  3488 | D:4      | Reached XP level 5. HP: 24/29 MP: 9/9
  3611 | D:4      | Reached skill level 1 in Poison Magic
  3740 | D:4      | Noticed Ijyb
  3744 | D:4      | Blown up by Ijyb

Illustrated notes

Levels and vault maps discovered:
D:1:      dpeg_arrival_simpleton_b, layout_basic,
          ebering_ecumenical_altar_petrified
D:2:      minmay_door_path, layout_basic
D:3:      layout_loops_corners, corexii_corridor_pit
D:4:      layout_gridville, nzn_overflow_gifts_of_might_and_magic,
          mainiacjoe_overflow_chevrons, minmay_temple_entry_nine_rooms,
          kennysheep_generic_room_10, uniq_ijyb, uniq_pikel

Skill      XL: |  1  2  3  4  5 |
---------------+----------------+-----
Conjurations   | 2 3 4 |  4.1
Air Magic      | 5 |  5.7
Fighting       | 1 |  1.4
Poison Magic   | 1 |  1.1
Dodging        | |  2.1
Stealth        | |  2.0
Spellcasting   | |  2.7

Action                     |  1- 3 |  4- 6 || total
---------------------------+-------+-------++-------
   Cast: Shock             |    92 |    39 ||   131
         Static Discharge  |     1 |    10 ||    11
 Armour: Robe              |     4 |    19 ||    23
  Dodge: Dodged            |     3 |    19 ||    22

Table legend: (Time is in decaauts)
 A = Elapsed time spent in this place.
 B = Non-inter-level travel time spent in this place.
 C = Inter-level travel time spent in this place.
 D = Time resting spent in this place.
 E = Time spent auto-exploring this place.
 F = Levels seen in this place.
 G = Mean time per level.
                   A        B        C        D        E       F      G
               +--------+--------+--------+--------+--------+-----+--------+
         Total |   3743 |   3564 |    179 |    277 |   2877 |   4 |  935.8 |
       Dungeon |   3743 |   3564 |    179 |    277 |   2877 |   4 |  935.8 |
               +--------+--------+--------+--------+--------+-----+--------+

Top non-repeatable levels by time:
     D:1: 1570 daAuts
     D:3: 1163 daAuts
     D:2: 632 daAuts
     D:4: 376 daAuts
